AoeStats
← shehrum2014

Arabia

508698928Analyzed
1v1 RM · 8d ago on Sep 23, 2026· 17m 38s· 2 players
Game mode
Random Map
Map size
Tiny (2 player)
Population
200
Speed
Normal
Resources
Standard
Victory
Conquest
Starting age
Dark Age
Ending age
Imperial Age
RankedLock teamsTeams togetherTeam positionsShared explorationLock speedFull tech treeHidden civsTurbo modeCheats
Victory
Defeat
🇦🇷 Khitans · Argentina
1326
+16
🇵🇰 Magyars · Pakistan
1329
-16
Fenomenazo
7:13 Loom
9:11 Feudal Age
11:22 Double-Bit Axe
11:48 Domestication
15:54 Forging
17:03 Scale Barding Armor
shehrum2014
6:49 Loom
9:10 Feudal Age
10:57 Double-Bit Axe
16:05 Wheelbarrow
Connection lost

Rejoining the realm…

Still unreachable

The connection could not be restored.

Session expired

The server has moved on; the page needs a fresh start.